 Dungeon Crawl Stone Soup version 0.29-a0-653-gd47aff6735 (webtiles) character file.

Game seed: 3744977202952507568

31103 buhh the Warrior (level 13, -1/107 HPs)
             Began as a Formicid Hunter on June 22, 2022.
             Was a High Priest of Hepliaklqana.
             Slain by a seven-headed hydra (2 damage)
             ... while petrified by a basilisk
             ... on level 4 of the Lair of Beasts.
             The game lasted 01:01:22 (22555 turns).

buhh the Warrior (Formicid Hunter)                 Turns: 22555, Time: 01:01:22

Health: -1/107     AC:  9    Str: 20    XL:     13   Next: 93%
Magic:  17/17      EV:  2    Int:  9    God:    Hepliaklqana [*****.]
Gold:   981        SH:  0    Dex: 21    Spells: 11/12 levels left

rFire   . . .      SeeInvis +   a - +1 hand crossbow
rCold   . . .      Faith    .   r - +0 tower shield
rNeg    + + +      Spirit   .   y - +0 steam dragon scales
rPois   ∞          Reflect  +   (helmet unavailable)
rElec   .          Harm     .   (no cloak)
rCorr   .          Rampage  .   k - +1 pair of gloves {Str+3}
Will    +....                   b - +0 pair of boots
Stlth   ++........              p - amulet of reflection
HPRegen 0.27/turn               H - ring of poison resistance
MPRegen 0.15/turn               (no ring)

@: lethally poisoned (-1 -> -1), petrified, studying Dodging
A: reduced essence, permanent stasis, dig shafts and tunnels, antennae 3, four
strong arms
a: Dig, Shaft Self, Renounce Religion, Recall Ancestor, Ancestor Identity,
Transference, Idealise


You were on level 4 of the Lair of Beasts.
You worshipped Hepliaklqana.
Hepliaklqana was extremely pleased with you.
You visited 3 branches of the dungeon, and saw 20 of its levels.
You also visited: Gauntlet.

You collected 981 gold pieces.

Inventory:

Hand Weapons
 a - a +1 hand crossbow (weapon)
 d - a +0 arbalest
 h - a +2 vorpal triple crossbow
Missiles
 m - 51 poisoned darts
 s - 4 curare-tipped darts
 G - 5 javelins
 J - 5 boomerangs of dispersal
Armour
 b - a +0 pair of boots (worn)
 k - a +1 pair of gloves of strength (worn)
 n - a +2 pair of gloves
 r - a +0 tower shield (worn)
 y - +0 steam dragon scales (worn)
Magical Staves
 e - a staff of air
Jewellery
 l - a +6 ring of intelligence
 p - an amulet of reflection (around neck)
 H - a ring of poison resistance (left hand)
 V - a +4 ring of evasion
Wands
 f - a wand of flame (5)
 v - a wand of digging (2)
 C - a wand of light (2)
 S - a wand of charming (10)
Scrolls
 c - 2 scrolls of blinking {!d}
 g - 2 scrolls of identify {!d}
 q - a scroll of silence {!r}
 t - 13 scrolls of teleportation {!d}
 A - 3 scrolls of vulnerability
 E - a scroll of enchant armour {unknown}
 F - 4 scrolls of enchant weapon
 K - 2 scrolls of noise {unknown}
 O - a scroll of summoning {unknown}
 P - a scroll of magic mapping {!r!d}
 Q - 4 scrolls of fog
 T - 2 scrolls of immolation {!d}
 X - a scroll of amnesia
Potions
 i - 4 potions of haste {unknown}
 o - 2 potions of berserk rage {unknown}
 u - 2 potions of degeneration {unknown}
 w - 5 potions of attraction {unknown}
 x - 3 potions of ambrosia {unknown}
 z - a potion of might {unknown}
 B - 3 potions of lignification {unknown}
 D - 4 potions of flight {unknown}
 I - 3 potions of invisibility {unknown}
 L - 2 potions of resistance {!q!d}
 M - a potion of heal wounds {!q!d}
 N - 6 potions of curing {!q!d}
 R - 3 potions of brilliance {unknown}
 U - 2 potions of mutation {!d}
Miscellaneous
 j - a phantom mirror


   Skills:
 - Level 16.4 Fighting
 * Level 14.8 Crossbows
 - Level 5.0 Armour
 - Level 12.6 Dodging
 - Level 1.2 Stealth
 * Level 8.1 Shields
 * Level 6.5 Invocations


You had 11 spell levels left.
You knew the following spells:

 Your Spells              Type           Power      Damage    Failure   Level
a - Apportation           Tloc           0%         N/A       88%         1

Your spell library contained the following spells:

 Spells                   Type           Power      Damage    Failure   Level
 Necrotize                Necr           0%         1d4       88%         1
 Summon Small Mammal      Summ           0%         N/A       88%         1
 Poisonous Vapours        Pois/Air       0%         N/A       96%         2
 Static Discharge         Conj/Air       0%         N/A       96%         2
 Call Canine Familiar     Summ           0%         N/A       99%         3
 Ozocubu's Armour         Ice            0%         N/A       99%         3
 Stone Arrow              Conj/Erth      0%         3d7       99%         3
 Summon Guardian Golem    Hex/Summ       0%         N/A       99%         3
 Vampiric Draining        Necr           0%         2d6       99%         3
 Summon Ice Beast         Ice/Summ       0%         N/A       100%        4
 Agony                    Necr           0%         N/A       100%        5
 Alistair's Intoxication  Tmut/Pois      0%         N/A       100%        5
 Lightning Bolt           Conj/Air       0%         1d11      100%        5
 Summon Forest            Summ/Tloc      0%         N/A       100%        5
 Summon Mana Viper        Hex/Summ       0%         N/A       100%        5
 Conjure Ball Lightning   Conj/Air       0%         3x3d6     100%        6
 Dispersal                Tloc           0%         N/A       100%        6
 Eringya's Noxious Bog    Tmut/Pois      0%         N/A       100%        6
 Monstrous Menagerie      Summ           0%         N/A       100%        7
 Ozocubu's Refrigeration  Ice            0%         4d5       100%        7
 Summon Hydra             Summ           0%         N/A       100%        7
 Discord                  Hex            0%         N/A       100%        8
 Disjunction              Tloc           0%         N/A       100%        8
 Maxwell's Capacitive Co  Air            0%         ∞         100%        8


Dungeon Overview and Level Annotations

Branches:
Dungeon (15/15) Zot: 23021  Temple (1/1) D:5 Zot: 5831    Lair (4/6) D:10 Zot: 18495
 Shoals (0/4) Lair:2        Snake (0/4) Lair:3          Orc (0/2) D:9
 Depths (0/4) D:15        Gauntlet (visited)
 Vaults: D:13-14

Altars:
Ashenzari
Dithmenos
Elyvilon
Fedhas
Gozag
Hepliaklqana
Kikubaaqudgha
Makhleb
Nemelex Xobeh
Qazlal
Ru
Uskayaw
Vehumet
Wu Jian
Xom
Yredelemnul

Annotations:
D:4 1 runed translucent door
D:6 4 runed translucent doors, exclusions: 4 doors and 2 sensed monsters (detected)
D:9 3 runed translucent doors, exclusion: 3 doors
D:11 exclusion: human
D:12 Azrael
D:15 Roxanne
Lair:1 exclusion: hydra


Innate Abilities, Weirdness & Mutations

Your life essence is reduced to manifest your ancestor. (-10% HP)
You cannot be hasted, slowed, berserked, paralysed or teleported.
You can dig through walls and to a lower floor.
You have a pair of large antennae on your head. (SInv)
Your four strong arms can wield two-handed weapons with a shield.


Message History

The seven-headed hydra bites you!
The seven-headed hydra barely misses you.
The seven-headed hydra bites you but does no damage.
The seven-headed hydra bites you. The seven-headed hydra bites you!
The black mamba bites you but does no damage.
Teft closely misses the black mamba.
The komodo dragon bites you but does no damage.
The black mamba bites you! The seven-headed hydra bites you. x2
The seven-headed hydra bites you but does no damage.
The seven-headed hydra bites you. x2; The seven-headed hydra bites you!
The seven-headed hydra bites you but does no damage.
The black mamba bites you. The komodo dragon bites you!!
* * * LOW HITPOINT WARNING * * *
Teft hits the black mamba with a +0 flail!
The bullfrog releases a deep croak.
The black mamba bites you.
* * * LOW HITPOINT WARNING * * *
The seven-headed hydra bites you.
* * * LOW HITPOINT WARNING * * *
The seven-headed hydra bites you.
* * * LOW HITPOINT WARNING * * *
The seven-headed hydra bites you!
* * * LOW HITPOINT WARNING * * *
The seven-headed hydra bites you but does no damage. x3
The seven-headed hydra bites you.
* * * LOW HITPOINT WARNING * * *
The basilisk bites you.
* * * LOW HITPOINT WARNING * * *
Teft hits the black mamba with a +0 flail!
The black mamba dies!
The komodo dragon bites you!
* * * LOW HITPOINT WARNING * * *
Your phantom mirror has recharged.
The wyvern hisses angrily.
The basilisk completely misses you. The seven-headed hydra bites you.
* * * LOW HITPOINT WARNING * * *
The seven-headed hydra bites you.
* * * LOW HITPOINT WARNING * * *
The seven-headed hydra bites you.
You die...

P......#. #.......#
.......## .......##
.F.....# ##......#
#.R†l...#..
#.@......#
#PFDl.....P
##F.....P.#
.#.F.>.....
##..........
###...........
#######..l.#.......#
..PP..P............#
...........F......#


You could see the friendly Teft the knight, a seven-headed hydra, a komodo
dragon (ally target), a basilisk, 2 blink frogs, a wyvern and 2 bullfrogs.

Vanquished Creatures
  2 hydras
  A two-headed ogre (D:11)
  A catoblepas (D:14)
  A boulder beetle (D:12)
  2 centaur warriors
  A deep elf pyromancer (D:10)
  An oklob plant (Lair:2)
  2 centaur zombies (D:10)
  2 elephants
  A black mamba (Lair:3)
  5 cane toads
  2 gargoyles
  2 komodo dragons
  2 rime drakes (Lair:1)
  A tengu conjurer (D:14)
  2 trolls
  6 blink frogs
  A yak (D:11)
  A wyvern (D:9)
  A basilisk (Lair:1)
  3 fire elementals (D:12)
  6 vampire mosquitoes
  2 nagas (Lair:3)
  2 water moccasins
  A floating eye (Lair:2)
  An acid dragon (D:10)
  2 black bears
  2 ogres (D:5)
  2 wolves
  3 centaurs
  A phantom (D:5)
  2 kobold brigands (D:9)
  3 necrophages
  3 bullfrogs
  A scorpion (D:4)
  4 gnoll sergeants
  3 wights
  2 crimson imps (D:7)
  A human zombie (D:10)
  4 hounds
  2 jellies
  4 orc priests
  7 orc wizards
  Natasha (twice) (D:4)
  2 iguanas (D:6)
  A mummy (D:10)
  A howler monkey zombie (D:10)
  11 gnolls
  8 adders
  A shadow imp (D:7)
  4 white imps
  An ufetubus (D:7)
  2 worms
  3 dart slugs
  37 orcs
  7 endoplasms
  6 giant cockroaches
  7 goblins
  A hobgoblin (D:1)
  8 jackals
  3 quokkas
  6 ball pythons
  7 bats
  3 frilled lizards (D:1)
  A goblin zombie (D:4)
  A jackal skeleton (D:4)
  13 kobolds
  5 rats
  A spectral kobold (D:1)
  2 butterflies
242 creatures vanquished.

Vanquished Creatures (collateral kills)
  2 two-headed ogres (D:9)
  2 oklob plants (Lair:2)
  A wolf spider (D:15)
  A cyclops (D:14)
  5 elephants
  A black mamba (Lair:4)
  An unseen horror (D:12)
  4 cane toads
  3 komodo dragons
  A rime drake (Lair:1)
  2 trolls
  2 blink frogs
  A shadow (D:10)
  A wyvern (Lair:1)
  A steam dragon (Lair:3)
  10 yaks
  2 basilisks
  A fire elemental (D:12)
  5 vampire mosquitoes
  2 nagas (Lair:3)
  4 water moccasins
  An acid dragon (D:9)
  2 orc warriors (D:9)
  2 sky beasts (D:7)
  An ice beast (D:8)
  6 wolves
  2 black bears
  An ogre (D:9)
  2 centaurs (D:14)
  6 kobold brigands
  3 bullfrogs
  2 gnoll sergeants
  5 wights
  4 crimson imps (D:7)
  A gnoll shaman (D:9)
  A jelly (D:5)
  Natasha (D:4)
  5 orc wizards
  2 mummies (D:10)
  7 gnolls
  3 white imps (D:7)
  2 orcs
  A kobold (D:8)
  A butterfly (D:4)
113 creatures vanquished.

Vanquished Creatures (others)
  A manticore (D:12)
  3 ancestors
  16 knights
  16 fungi
  46 plants
82 creatures vanquished.

Grand Total: 437 creatures vanquished

Notes
Turn   | Place    | Note
-------+----------+-------------------------------------------
     0 | D:1      | buhh the Formicid Hunter began the quest for the Orb.
     0 | D:1      | Reached XP level 1. HP: 16/16 MP: 1/1
   106 | D:1      | Reached XP level 2. HP: 22/22 MP: 2/2
   283 | D:1      | Found a faded altar of an unknown god.
   406 | D:1      | Reached XP level 3. HP: 27/27 MP: 3/3
   781 | D:2      | Reached XP level 4. HP: 33/33 MP: 4/4
   877 | D:2      | Got the Tome of Dusty Venom
  1915 | D:3      | Reached XP level 5. HP: 35/38 MP: 5/5
  2493 | D:4      | Identified the +7 dagger of Blind Justice {vorpal, rF-
                  | rCorr Dex+4}
  2512 | D:4      | Found a shimmering altar of Xom.
  2567 | D:4      | Found a runed translucent door.
  2567 | D:4      | Noticed a human
  2571 | D:4      | Found a basalt altar of Yredelemnul.
  2603 | D:4      | Found a blossoming altar of Fedhas.
  2648 | D:4      | Reached XP level 6. HP: 30/44 MP: 6/6
  2782 | D:4      | Noticed Natasha
  2800 | D:4      | Killed Natasha
  3056 | D:4      | Noticed a black bear
  3076 | D:4      | You fall into a shaft and drop 3 floors!
  3388 | D:7      | Noticed a sky beast
  3783 | D:6      | Found a shadowy altar of Dithmenos.
  4085 | D:6      | Found a radiant altar of Vehumet.
  4095 | D:6      | Found an ornate altar of the Wu Jian Council.
  4123 | D:5      | Entered Level 5 of the Dungeon
  4159 | D:5      | Reached XP level 7. HP: 50/50 MP: 7/7
  4360 | D:5      | Found a staircase to the Ecumenical Temple.
  4365 | Temple   | Entered the Ecumenical Temple
  4502 | Temple   | Became a worshipper of Hepliaklqana the Forgotten
  4634 | D:5      | Found a sparkling altar of Nemelex Xobeh.
  4858 | D:6      | Found a large runed translucent door.
  4859 | D:6      | Found a large runed translucent door.
  4918 | D:6      | Noticed a red ugly thing
  4933 | D:6      | Found a large runed translucent door.
  4958 | D:6      | Found a large runed translucent door.
  5484 | D:6      | Reached * piety under Hepliaklqana
  5689 | D:6      | Reached XP level 8. HP: 47/50 MP: 8/8
  6381 | D:4      | Noticed Natasha
  6389 | D:4      | Killed Natasha
  6661 | D:4      | Noticed Natasha
  6666 | D:4      | Killed Natasha
  6971 | D:5      | Reached ** piety under Hepliaklqana
  6975 | D:5      | Remembered your ancestor Teft as a knight
  7906 | D:8      | Reached skill level 3 in Fighting
  7916 | D:8      | Reached XP level 9. HP: 58/58 MP: 9/9
  7937 | D:8      | You fall into a shaft and drop 3 floors!
  8233 | D:10     | Entered Level 10 of the Dungeon
  8315 | D:10     | Found a staircase to the Lair.
  8327 | Lair:1   | Entered Level 1 of the Lair of Beasts
  8342 | Lair:1   | Reached skill level 4 in Fighting
  8564 | D:9      | Noticed a two-headed ogre
  8576 | D:9      | Killed a two-headed ogre
  8577 | D:9      | Reached skill level 7 in Fighting
  8577 | D:9      | Identified 3 scrolls of acquirement
  8578 | D:9      | Acquired a manual of Fighting
  8580 | D:9      | Acquired a +2 vorpal triple crossbow
  8582 | D:9      | Acquired a manual of Dodging
  8743 | D:8      | Reached skill level 8 in Fighting
  8951 | D:8      | Reached skill level 9 in Fighting
  8956 | D:8      | Reached XP level 10. HP: 74/74 MP: 10/10
  9276 | D:7      | Reached skill level 10 in Fighting
  9573 | D:7      | Reached skill level 11 in Fighting
  9582 | D:7      | Reached *** piety under Hepliaklqana
 10143 | D:8      | Found a broken altar of Ashenzari.
 10417 | D:9      | Noticed a two-headed ogre
 10662 | D:9      | Found a runed translucent gate.
 10662 | D:9      | Noticed a glowing orange brain
 10663 | D:9      | Found a runed translucent gate.
 10663 | D:9      | Noticed a deep troll
 10664 | D:9      | Found a runed translucent gate.
 10664 | D:9      | Noticed a cyan ugly thing
 10666 | D:9      | Noticed a red ugly thing
 10666 | D:9      | Noticed a red ugly thing
 10666 | D:9      | Noticed a white ugly thing
 10677 | D:9      | a deep troll changed into a dream sheep
 10681 | D:9      | Noticed a water nymph
 10700 | D:9      | Noticed a moth of wrath
 10714 | D:9      | Killed a two-headed ogre
 11107 | D:9      | Found a staircase to the Orcish Mines.
 11128 | D:9      | Reached skill level 12 in Fighting
 11141 | D:9      | Reached XP level 11. HP: 80/85 MP: 13/13
 11773 | D:10     | Reached **** piety under Hepliaklqana
 11944 | D:10     | Noticed a deep elf pyromancer
 12005 | D:10     | You fall into a shaft and drop 2 floors!
 12005 | D:12     | Found a gate leading to a gauntlet.
 12017 | Gauntlet | Entered a Gauntlet
 12017 | Gauntlet | Noticed a moth of wrath
 12017 | Gauntlet | Found a transporter.
 12017 | Gauntlet | Found a runed translucent gate.
 12017 | Gauntlet | Found a runed translucent gate.
 12258 | Gauntlet | Found a runed translucent gate.
 12263 | Gauntlet | Found a transporter.
 12266 | Gauntlet | Found a transporter.
 12277 | Gauntlet | Found a transporter.
 12281 | Gauntlet | Found a transporter.
 12288 | Gauntlet | Found a transporter.
 12301 | Gauntlet | Found a runed translucent door.
 12305 | Gauntlet | Found a transporter.
 12307 | Gauntlet | Noticed a green death
 12315 | Gauntlet | Found a transporter.
 12315 | Gauntlet | Noticed a reaper
 12322 | Gauntlet | Found a runed translucent door.
 12326 | Gauntlet | Found a transporter.
 12344 | Gauntlet | Found a transporter.
 12353 | Gauntlet | Found a transporter.
 12353 | Gauntlet | Found a transporter.
 12357 | Gauntlet | Noticed a jorogumo
 12358 | Gauntlet | Noticed a lindwurm
 12395 | Gauntlet | Found a runed translucent door.
 12398 | Gauntlet | Found a transporter.
 12416 | Gauntlet | Found a transporter.
 12473 | Gauntlet | Noticed a sea snake
 12473 | Gauntlet | Noticed a spark wasp
 12532 | D:12     | Noticed a manticore
 12583 | D:12     | Killed a manticore
 12586 | D:12     | Reached skill level 13 in Fighting
 12626 | D:12     | Reached skill level 11 in Crossbows
 12649 | D:12     | Noticed Azrael
 12659 | D:12     | You fall into a shaft and drop 2 floors!
 12985 | D:13     | Noticed a deep elf pyromancer
 13009 | D:14     | Noticed a cyclops
 13014 | D:14     | Killed a cyclops
 13145 | D:13     | Noticed a wolf spider
 13161 | D:13     | Noticed a centaur warrior
 13170 | D:13     | Killed a centaur warrior
 13274 | D:12     | Noticed a boulder beetle
 13316 | D:13     | Noticed a tengu warrior
 13316 | D:13     | Noticed a tengu warrior
 13316 | D:13     | Noticed a deep elf pyromancer
 13328 | D:13     | You fall into a shaft and drop 2 floors!
 13328 | D:15     | Entered Level 15 of the Dungeon
 13459 | D:14     | Noticed a catoblepas
 13480 | D:14     | Killed a catoblepas
 13481 | D:14     | Reached skill level 14 in Fighting
 13538 | D:14     | Identified the +6 dagger "Siases" {elec, rN+ Dex+3}
 13543 | D:14     | Found a broken altar of Ashenzari.
 13554 | D:14     | Noticed a centaur warrior
 13565 | D:14     | Killed a centaur warrior
 13739 | D:14     | Noticed a centaur warrior
 13742 | D:14     | You fall into a shaft and drop 1 floor!
 13742 | D:15     | Noticed a red ugly thing
 13743 | D:15     | Noticed a six-headed hydra
 13744 | D:15     | Noticed a red ugly thing
 13744 | D:15     | Noticed a red ugly thing
 13745 | D:15     | Noticed a red ugly thing
 13753 | D:15     | Noticed a two-headed ogre
 13753 | D:15     | Noticed a two-headed ogre
 13753 | D:15     | Noticed a two-headed ogre
 13763 | D:14     | You fall into a shaft and drop 1 floor!
 13771 | D:15     | Noticed a wolf spider
 13925 | D:15     | Noticed Roxanne
 13961 | D:15     | Noticed a four-headed hydra
 13975 | D:15     | Learned a level 1 spell: Apportation
 13989 | D:15     | Killed a wolf spider
 14273 | D:12     | Killed a boulder beetle
 14274 | D:12     | Reached XP level 12. HP: 97/97 MP: 15/15
 14404 | D:12     | Noticed a four-headed hydra
 14417 | D:12     | Killed a four-headed hydra
 14418 | D:12     | Reached skill level 15 in Fighting
 14720 | D:11     | Found a radiant altar of Vehumet.
 14892 | D:11     | Noticed a two-headed ogre
 14904 | D:11     | Killed a two-headed ogre
 15081 | D:11     | Reached ***** piety under Hepliaklqana
 16113 | D:10     | Found an ancient bone altar of Kikubaaqudgha.
 16172 | D:10     | Reached skill level 11 in Dodging
 17451 | Lair:1   | Reached skill level 16 in Fighting
 17832 | Lair:1   | Noticed a seven-headed hydra
 18352 | Lair:2   | Reached XP level 13. HP: 107/107 MP: 16/16
 19339 | Lair:2   | Noticed a four-headed hydra
 19354 | Lair:2   | You fall into a shaft and drop 1 floor!
 19354 | Lair:3   | Found a staircase to the Snake Pit.
 19357 | Lair:3   | You fall into a shaft and drop 1 floor!
 19358 | Lair:4   | Noticed a seven-headed hydra
 20342 | Lair:2   | Found a staircase to the Shoals.
 20551 | Lair:2   | Killed a four-headed hydra
 22554 | Lair:4   | HP: 2/107 [komodo dragon (8)]
 22555 | Lair:4   | Slain by a seven-headed hydra

Illustrated notes

Levels and vault maps discovered:
D:1:      dpeg_arrival_water_temple_mockup, layout_rooms,
          dreamdust_ecumenical_altar_drowned_temple, moated_statue
D:2:      layout_basic
D:3:      layout_rooms, minmay_misc_feat_more_columns
D:4:      layout_basic, dk_yredelemnul_ordeal, fedhas_altar_3, xom_butterflies,
          uniq_natasha
D:5:      layout_basic, nemelex_dance_club_becter,
          minmay_temple_entry_butterflies
D:6:      layout_loops_corners, grunt_temple_overflow_open, grunt_ministairs_13,
          minmay_hollow_rounded_squares
D:7:      layout_rooms, roderic_lattice_a, minmay_nine_imps
D:8:      layout_loops_ring, lemuel_crystal_altar, supply_closet_lemuel
D:9:      layout_layer_cave, kennysheep_orc_monster_closet_entryway,
          ploomutoo_gammafunk_ghost_potion_laboratory
D:10:     layout_small_grid, lemuel_mausoleum_altar_kikubaaqudgha,
          lair_entry_dummy
D:11:     layout_basic, grunt_livestock, fiery_altar_vehumet
D:12:     layout_gridville, gauntlet_entry_generic, uniq_azrael
D:13:     layout_roguey, amcnicky_mini_rare_corridor_liquid
D:14:     layout_roguey, lightli_vaults_fourway_checkpoint,
          nicolae_ashenzari_panopticon
D:15:     grunt_enter_depths_snipers, layout_basic, nicolae_twisting_strands,
          uniq_roxanne
Temple:   nicolae_temple_figure_eight
Lair:1:   layout_cave_pods, grunt_megastairs_3
Lair:2:   layout_cave_pods, elwin_shoals_entry_rocks, disabler_island,
          grunt_megastairs_5
Lair:3:   layout_roguey, minmay_snake_entry_guardpost_medium, wad_woods_road_01,
          columned_hall_lemuel
Lair:4:   layout_cave_shapes, infiniplex_staircase_pool_2

Skill      XL: |  1  2  3  4  5  6  7  8  9 10 11 12 13 |
---------------+----------------------------------------+-----
Crossbows      | 5 6 7 9 10 11 13 14 | 14.8
Armour         | 2 5 |  5.0
Fighting       | 3 9 12 14 16 | 16.4
Dodging        | 4 8 10 11 12 | 12.6
Invocations    | 3 5 6 |  6.5
Shields        | 1 8 |  8.1
Stealth        | |  1.2

Action                   |  1- 3 |  4- 6 |  7- 9 | 10-12 | 13-15 || total
-------------------------+-------+-------+-------+-------+-------++-------
 Fire: Hand crossbow     |    76 |   198 |   295 |   542 |   274 ||  1385
 Cast: Apportation       |       |       |       |     1 |       ||     1
Invok: Ancestor Life: Kn |       |       |     1 |       |       ||     1
       Ancestor Identity |       |       |     1 |       |       ||     1
       Recall Ancestor   |       |       |       |     8 |     4 ||    12
       Idealise          |       |       |       |     1 |     5 ||     6
 Abil: Dig               |     1 |       |       |       |       ||     1
       Shaft Self        |       |     1 |     1 |     5 |     2 ||     9
Evoke: Wand              |       |       |       |    14 |     1 ||    15
       Phantom mirror    |       |       |       |     1 |     1 ||     2
  Use: Scroll            |       |     4 |     6 |    12 |     3 ||    25
       Potion            |       |       |     2 |     4 |       ||     6
Armor: Leather armour    |     3 |    36 |    29 |    28 |     6 ||   102
       Steam dragon scal |       |       |       |       |    23 ||    23
Dodge: Dodged            |    11 |    86 |    65 |   137 |    77 ||   376
Block: Tower shield      |       |    18 |       |     2 |   172 ||   192
       Other             |       |    20 |    23 |    41 |       ||    84
       Reflection        |       |       |     1 |     6 |     8 ||    15

Table legend: (Time is in decaauts)
 A = Elapsed time spent in this place.
 B = Non-inter-level travel time spent in this place.
 C = Inter-level travel time spent in this place.
 D = Time resting spent in this place.
 E = Time spent auto-exploring this place.
 F = Levels seen in this place.
 G = Mean time per level.
                   A        B        C        D        E       F      G
               +--------+--------+--------+--------+--------+-----+--------+
         Total |  22772 |  20734 |   2038 |   5520 |  10807 |  21 | 1084.4 |
       Dungeon |  16613 |  15009 |   1604 |   3453 |   8019 |  15 | 1107.5 |
        Temple |    168 |    123 |     45 |      0 |    120 |   1 |  168.0 |
          Lair |   5503 |   5114 |    389 |   1842 |   2456 |   4 | 1375.8 |
      Gauntlet |    485 |    485 |      0 |    225 |    211 |   1 |  485.0 |
               +--------+--------+--------+--------+--------+-----+--------+

Top non-repeatable levels by time:
  Lair:1: 2358 daAuts
     D:6: 2037 daAuts
  Lair:2: 1710 daAuts
     D:9: 1658 daAuts
     D:4: 1458 daAuts
     D:5: 1436 daAuts
    D:10: 1425 daAuts
  Lair:3: 1418 daAuts
    D:11: 1311 daAuts
     D:8: 1247 daAuts
     D:7: 1207 daAuts
     D:2: 1192 daAuts
     D:3: 947 daAuts
    D:14: 861 daAuts
    D:12: 643 daAuts
